 Dungeon Crawl Stone Soup version 0.18.1-50-g88ac8fd (webtiles) character file.

82607 Soeti the Cleaver (level 15, -3/88 HPs)
             Began as a Gargoyle Fighter on Mar 27, 2017.
             Was the Champion of Makhleb.
             Slain by a 13-headed hydra (9 damage)
             ... on level 10 of the Dungeon on Mar 28, 2017.
             The game lasted 01:30:03 (23976 turns).

Soeti the Cleaver (Gargoyle Fighter)               Turns: 23976, Time: 01:30:04

Health: -3/88      AC: 50    Str: 24    XL:     15   Next: 74%
Magic:  19/19      EV:  9    Int: 10    God:    Makhleb [******]
Gold:   1954       SH: 18    Dex: 13    Spells: 1 memorised, 11 levels left

rFire  + . .     SeeInvis +     N - +3 falchion of Calamity {flame, Str+3 Dex+4 SInv Stlth-}
rCold  + . .     Gourm    .     M - +3 plate armour {rC+}
rNeg   + . .     Faith    .     c - +0 shield
rPois  ∞         Spirit   .     e - +2 helmet
rElec  +         Dismiss  .     I - +2 cloak
rCorr  .         Reflect  +     (no gloves)
SustAt .         Harm     .     K - +2 pair of boots {run}
MR     +....                    b - +4 amulet of reflection
Stlth  ..........               n - ring of protection from fire
                                o - +6 ring of protection

@: flying, quick, somewhat resistant to hostile enchantments, extremely
unstealthy
A: big wings, iridescent scales 1, blurry vision 1, frail 1, negative energy
resistance 1, regeneration 1, electricity resistance, weak 2, unbreathing,
petrification resistance, no device heal 1, rot immunity, AC +11
a: Stop Flying, Minor Destruction, Lesser Servant of Makhleb, Major Destruction,
Greater Servant of Makhleb, Renounce Religion


You were on level 10 of the Dungeon.
You worshipped Makhleb.
Makhleb was exalted by your worship.
You were not hungry.

You visited 4 branches of the dungeon, and saw 22 of its levels.
You also visited: Labyrinth.

You collected 2372 gold pieces.
You spent 418 gold pieces at shops.

Inventory:

Hand Weapons
 q - the +10 hand axe "Surrydorgh" {vamp, Str+2}
   (You bought it in a shop on level 2 of the Orcish Mines)

   It inflicts no extra harm, but heals its wielder somewhat when it strikes a
   living foe.
   It affects your strength (+2).
 H - a +2 hand axe of freezing
 N - the +3 falchion of Calamity (weapon) {flame, Str+3 Dex+4 SInv Stlth-}
   (You found it in a labyrinth)

   It has been specially enchanted to burn those struck by it, causing extra
   injury to most foes and up to half again as much damage against particularly
   susceptible opponents.
   Big, fiery blades are also staple armaments of hydra-hunters.
   It affects your strength (+3).
   It affects your dexterity (+4).
   It lets you see invisible.
   It makes you less stealthy.
 Z - a +0 broad axe
Armour
 a - a +3 plate armour
 c - a +0 shield (worn)
 e - a +2 helmet (worn)
 I - a +2 cloak (worn)
 K - a +2 pair of boots of running (worn)
 M - a +3 plate armour of cold resistance (worn)
Jewellery
 b - a +4 amulet of reflection (around neck)
 n - a ring of protection from fire (right hand)
 o - a +6 ring of protection (left hand)
 t - an uncursed ring of positive energy
 P - an uncursed ring of see invisible
Wands
 y - a wand of acid (7/15)
 J - a wand of disintegration (11/24)
 S - a wand of lightning (3/15)
Scrolls
 h - 5 scrolls of immolation
 i - 5 scrolls of enchant weapon
 j - 9 scrolls of remove curse
 k - 6 scrolls of identify
 p - a scroll of silence
 r - 3 scrolls of magic mapping
 s - 4 scrolls of enchant armour
 u - 4 scrolls of recharging
 B - 2 scrolls of holy word
 G - 6 scrolls of teleportation
 R - 6 scrolls of fear
 U - 3 scrolls of amnesia
 X - 2 scrolls of fog
Potions
 d - 5 potions of might
 l - 6 potions of agility
 m - 2 potions of invisibility
 v - 2 potions of lignification
 w - 6 potions of brilliance
 z - 4 potions of cancellation
 C - a potion of resistance
 E - a potion of haste
 O - 6 potions of curing
Comestibles
 f - 16 bread rations
 D - 5 slices of pizza
 F - 11 meat rations
 L - 18 fruits
 Y - 14 royal jellies


   Skills:
 + Level 13.1 Fighting
 * Level 14.7 Axes
 + Level 13.1 Armour
 + Level 5.0 Dodging
 + Level 13.6 Shields
 - Level 5.9 Invocations


You had 11 spell levels left.
You knew the following spells:

 Your Spells              Type           Power        Failure   Level  Hunger
a - Regeneration          Chrm/Necr      #.........   100%        3    ####...


Dungeon Overview and Level Annotations

Branches:
Dungeon (11/15)            Temple (1/1) D:4            Lair (8/8) D:8
 Shoals (0/4) Lair:4       Spider (0/4) Lair:3        Slime (0/6) Lair:7
    Orc (2/2) D:10            Elf (0/3) Orc:2

Altars:
Ashenzari
Cheibriados
Dithmenos
Elyvilon
Fedhas
Gozag
Kikubaaqudgha
Makhleb
Nemelex Xobeh
Okawaru
Pakellas
Qazlal
Ru
Sif Muna
Trog
Vehumet
Xom
Yredelemnul
Zin
The Shining One
Beogh

Shops:
Orc:2 (!:(


Innate Abilities, Weirdness & Mutations

You are resistant to torment.
Your stone body is resilient (AC +11).
You are immune to poison.
Your large and strong wings let you fly indefinitely.
You resist negative energy.
You are resistant to electric shocks.
You can survive without breathing.
You are immune to petrification.
You are immune to rotting.
You are partially covered in iridescent scales (AC +4).
Scrolls take you a little longer to read.
You are frail (-10% HP).
Your natural rate of healing is unusually fast.
You are very weak. (Str -4)
Potions and wands are less effective at restoring your health.


Message History

The flame cauterises the wound!
You slash the 13-headed hydra! You burn the 13-headed hydra.
The 13-headed hydra is almost dead.
You block the 13-headed hydra's attack. x3
The 13-headed hydra bites you but does no damage. x2
The 13-headed hydra completely misses you.
The 13-headed hydra bites you but does no damage. x3
You block the 13-headed hydra's attack.
The 13-headed hydra bites you but does no damage. x3
The 13-headed hydra bites you!
* * * LOW HITPOINT WARNING * * *
The 13-headed hydra bites you!
* * * LOW HITPOINT WARNING * * *
The 13-headed hydra bites you but does no damage.
You block the 13-headed hydra's attack. The 13-headed hydra closely misses you.
The 13-headed hydra bites you but does no damage. x4
The 13-headed hydra barely misses you. The 13-headed hydra bites you.
* * * LOW HITPOINT WARNING * * *
The 13-headed hydra bites you!
You die...

######## ####.###
.......# #.....#
...>...# #....(#
.......# #.....#
.......# #.....#
.......# #.....#
)......# ###.....#
.......# #.'.....#
.÷.....####.#...@.#
..÷....'....#...D.#
.÷.....######....^#
####...## #.....# #
#.....# ##....## #
#.#.### ##..##### #
###...###....)..#
####.....##.......#
.##.......#.......#


You could see a 13-headed hydra.

Vanquished Creatures
  A minotaur (Lab)
  An ice dragon (Lair:4)
  Erolcha (D:9)
  A catoblepas (Lair:6)
  4 hydras
  2 ogre magi (Orc:2)
  17 death yaks
  An unseen horror (D:11)
  Pikel (D:9)
  The ghost of magog001 the Archer, a novice CeHu of Nemelex Xobeh (D:7)
  2 hill giants (D:10)
  An ugly thing (D:11)
  10 orc sorcerers
  A griffon (Lair:8)
  An oklob plant (Lair:1)
  5 orc knights
  An ice statue (Lair:4)
  3 sirens (Lair:4)
  5 black mambas
  22 elephants
  22 spiny frogs
  A rime drake (Lair:8)
  5 komodo dragons
  2 merfolk (Lair:4)
  3 polar bears
  A queen bee (Lair:3)
  2 trolls
  2 giant leeches (Lair:8)
  A slime creature (Lair:2)
  2 two-headed ogres (D:9)
  27 blink frogs
  A boulder beetle (Lair:7)
  2 wyverns (D:8)
  Grum (D:9)
  57 yaks
  4 basilisks
  9 hippogriffs
  4 vampire mosquitoes (Lair:8)
  A steam dragon (Lair:7)
  A hungry ghost (D:7)
  2 wargs (Orc:2)
  11 water moccasins
  3 hell hounds
  8 porcupines
  3 sky beasts
  10 ice beasts
  3 black bears
  23 orc warriors
  2 phantoms
  16 wolves
  11 ogres
  3 centaurs
  19 crocodiles
  4 big kobolds
  25 giant frogs
  5 scorpions
  29 killer bees
  5 wights (D:8)
  8 howler monkeys
  11 jellies
  2 electric eels
  6 crimson imps
  12 orc priests
  3 hounds
  Crazy Yiuf (D:7)
  A centaur zombie (D:5)
  A centaur skeleton (D:5)
  3 giant frog zombies
  A gnoll shaman (D:7)
  3 giant frog skeletons
  8 iguanas
  8 worker ants
  Terence (D:2)
  4 hell rats (Lair:5)
  37 orc wizards
  40 sheep
  A hound zombie (D:6)
  8 gnolls
  47 river rats
  16 adders
  2 shadow imps
  6 white imps
  3 ufetubi (D:10)
  16 oozes
  An adder zombie (D:5)
  5 worms
  4 dart slugs
  5 giant geckos
  103 orcs
  4 bats
  7 giant cockroaches
  3 goblins
  5 hobgoblins
  12 jackals
  11 kobolds
  A quokka (D:5)
  2 ball pythons (D:3)
  A giant cockroach zombie (D:6)
  A giant gecko skeleton (D:8)
  2 giant newts
  A quokka skeleton (D:9)
  5 rats
  3 fungi
  2 plants
838 creatures vanquished.

Vanquished Creatures (others)
  A slave (D:9)
  2 centaurs (D:10)
  2 orc wizards
  24 fungi
  13 plants
42 creatures vanquished.

Grand Total: 880 creatures vanquished

Notes
Turn   | Place    | Note
--------------------------------------------------------------
     0 | D:1      | Soeti the Gargoyle Fighter began the quest for the Orb.
     0 | D:1      | Reached XP level 1. HP: 14/14 MP: 1/1
   320 | D:1      | Reached XP level 2. HP: 11/19 MP: 2/2
   490 | D:1      | Reached skill level 2 in Axes
  1162 | D:2      | Noticed Terence
  1170 | D:2      | Killed Terence
  1170 | D:2      | Reached XP level 3. HP: 21/23 MP: 3/3
  1211 | D:2      | Reached XP level 4. HP: 8/28 MP: 4/4
  2211 | D:3      | Reached XP level 5. HP: 33/33 MP: 5/5
  2227 | D:3      | HP: 1/33 [orc priest/nerve-wracking pain (1)]
  2231 | D:3      | Reached skill level 3 in Axes
  2337 | D:3      | Noticed an ice beast
  2473 | D:4      | Found a staircase to the Ecumenical Temple.
  2479 | Temple   | Entered the Ecumenical Temple
  2647 | Temple   | Became a worshipper of Makhleb the Destroyer
  2884 | D:4      | Reached XP level 6. HP: 35/38 MP: 6/6
  2890 | D:4      | Noticed a sky beast
  2912 | D:3      | Killed an ice beast
  3119 | D:3      | Found an iron altar of Okawaru.
  3123 | D:3      | Reached skill level 5 in Shields
  3145 | D:3      | Found a deep blue altar of Sif Muna.
  3146 | D:3      | Found a sacrificial altar of Ru.
  3464 | D:3      | Found a shattered altar of Ashenzari.
  3464 | D:3      | Found a blossoming altar of Fedhas.
  3464 | D:3      | Found an oddly glowing altar of Pakellas.
  3697 | D:4      | Reached skill level 4 in Axes
  3697 | D:4      | Reached XP level 7. HP: 44/44 MP: 7/7
  3712 | D:4      | Reached * piety under Makhleb
  4051 | D:5      | Entered Level 5 of the Dungeon
  4065 | D:5      | Reached skill level 1 in Invocations
  4261 | D:5      | Reached skill level 5 in Fighting
  4261 | D:5      | Reached skill level 5 in Armour
  5148 | D:5      | Reached XP level 8. HP: 49/49 MP: 9/9
  5225 | D:6      | Reached skill level 5 in Axes
  5285 | D:6      | Reached ** piety under Makhleb
  5597 | D:6      | Noticed Grinder
  5603 | D:6      | Noticed Grinder
  5603 | D:6      | Grinder changed into Grinder the hell hound
  5628 | D:6      | Killed Grinder the hell hound
  6374 | D:6      | Found an opulent altar of Gozag.
  6375 | D:6      | Found a glowing silver altar of Zin.
  6474 | D:7      | Noticed magog001's ghost (novice CeHu)
  6634 | D:7      | Reached skill level 6 in Axes
  6684 | D:7      | Reached XP level 9. HP: 55/55 MP: 11/11
  6850 | D:7      | Killed magog001's ghost
  6895 | D:7      | Reached *** piety under Makhleb
  6968 | D:7      | Noticed Crazy Yiuf
  6981 | D:7      | Killed Crazy Yiuf
  7130 | D:7      | Found a sand-covered staircase.
  7314 | D:7      | Reached skill level 7 in Axes
  7374 | D:7      | Found a radiant altar of Vehumet.
  7918 | D:8      | Found a staircase to the Lair.
  8180 | D:8      | Reached skill level 5 in Invocations
  8197 | D:8      | Reached **** piety under Makhleb
  8198 | D:8      | Reached XP level 10. HP: 63/63 MP: 13/13
  8431 | D:8      | Found a white marble altar of Elyvilon.
  8966 | D:9      | Reached skill level 8 in Axes
  9135 | D:9      | Noticed a two-headed hydra
  9140 | D:9      | Killed a one-headed hydra
  9164 | D:9      | Reached ***** piety under Makhleb
  9282 | D:9      | Noticed Grum
  9310 | D:9      | Killed Grum
  9468 | D:9      | Noticed Erolcha
  9490 | D:9      | Reached skill level 9 in Axes
  9490 | D:9      | Reached XP level 11. HP: 46/68 MP: 15/15
  9492 | D:9      | Killed Erolcha
  9567 | D:9      | Noticed Pikel
  9583 | D:9      | Killed Pikel
  9755 | D:9      | Found a white marble altar of Elyvilon.
 10041 | Lair:1   | Entered Level 1 of the Lair of Beasts
 10041 | Lair:1   | Noticed an oklob plant
 11711 | Lair:2   | Reached skill level 10 in Axes
 12274 | Lair:3   | Reached ****** piety under Makhleb
 12713 | Lair:3   | Found a hole to the Spider Nest.
 12783 | Lair:3   | Reached XP level 12. HP: 54/76 MP: 16/16
 12999 | Lair:3   | Reached skill level 10 in Shields
 13441 | Lair:3   | Reached skill level 11 in Axes
 13908 | Lair:3   | Reached skill level 10 in Fighting
 14054 | Lair:4   | Noticed a death yak
 14059 | Lair:4   | Noticed a death yak
 14060 | Lair:4   | Noticed a death yak
 14101 | Lair:4   | Reached skill level 10 in Armour
 14416 | Lair:4   | Noticed an ice dragon
 14456 | Lair:4   | Killed an ice dragon
 14844 | Lair:5   | Noticed a seven-headed hydra
 14861 | Lair:5   | Killed a one-headed hydra
 14960 | Lair:5   | Noticed a death yak
 14965 | Lair:5   | Noticed a death yak
 14965 | Lair:5   | Noticed a death yak
 14966 | Lair:5   | Noticed a death yak
 14968 | Lair:5   | Noticed a death yak
 14985 | Lair:5   | Killed a death yak
 14993 | Lair:5   | Killed a death yak
 15009 | Lair:5   | Killed a death yak
 15009 | Lair:5   | Reached skill level 12 in Axes
 15009 | Lair:5   | Reached XP level 13. HP: 68/83 MP: 17/17
 15571 | Lair:6   | Found a labyrinth entrance.
 15580 | Lab      | Entered a labyrinth
 15769 | Lab      | Noticed a minotaur
 15781 | Lab      | Killed a minotaur
 15790 | Lab      | Identified the Reference Book on Creation and Clay
 15805 | Lab      | Got an encrusted falchion
 15807 | Lab      | Identified the cursed +3 falchion of Calamity {flame, Str+3 Dex+4 SInv Stlth-} (You found it in a labyrinth)
 16859 | Lair:7   | Reached skill level 13 in Axes
 17311 | Lair:7   | Gained mutation: Your large and strong wings let you fly indefinitely. [Gargoyle growth]
 17311 | Lair:7   | Reached XP level 14. HP: 91/91 MP: 18/18
 17329 | Lair:7   | Reached skill level 1 in Dodging
 17591 | Lair:7   | Found a staircase to the Slime Pits.
 18452 | Lair:8   | Entered Level 8 of the Lair of Beasts
 18901 | Lair:8   | Reached skill level 14 in Axes
 18984 | Lair:8   | Learned a level 3 spell: Regeneration
 19069 | Lair:8   | Identified a +2 pair of boots of running (You found it on level 8 of the Lair of Beasts)
 19824 | Lair:4   | Reached XP level 15. HP: 97/97 MP: 19/19
 19921 | Lair:4   | Found a staircase to the Shoals.
 20789 | D:10     | Entered Level 10 of the Dungeon
 20837 | D:10     | Found a roughly hewn altar of Beogh.
 21429 | D:10     | Found a staircase to the Orcish Mines.
 21468 | Orc:1    | Entered Level 1 of the Orcish Mines
 21578 | Orc:1    | Paralysed by an orc sorcerer for 5 turns
 22064 | Orc:2    | Entered Level 2 of the Orcish Mines
 22129 | Orc:2    | Found a staircase to the Elven Halls.
 22353 | Orc:2    | Found a radiant altar of Vehumet.
 22357 | Orc:2    | Found Isukhlie's Distillery.
 22401 | Orc:2    | Paralysed by an orc sorcerer for 6 turns
 22869 | Orc:2    | Found Hoah Jat's Antique Weapon Shop.
 22894 | Orc:2    | Bought an encrusted hand axe for 320 gold pieces
 22901 | Orc:2    | Identified the +10 hand axe "Surrydorgh" {vamp, Str+2} (You bought it in a shop on level 2 of the Orcish Mines)
 22913 | Orc:2    | Found an ancient bone altar of Kikubaaqudgha.
 22960 | Orc:2    | Found Locs's Book Boutique.
 22960 | Orc:2    | Found Zighu's Antique Weapon Shop.
 22960 | Orc:2    | Found a roughly hewn altar of Beogh.
 22965 | Orc:2    | Paralysed by an orc sorcerer for 2 turns
 23082 | Orc:2    | Bought a potion of might for 56 gold pieces
 23082 | Orc:2    | Bought a potion of curing for 42 gold pieces
 23588 | D:11     | Reached skill level 5 in Dodging
 23649 | D:11     | Gained mutation: Potions and wands are less effective at restoring your health. [potion of mutation]
 23649 | D:11     | Gained mutation: You are partially covered in iridescent scales (AC +4). [potion of mutation]
 23649 | D:11     | Gained mutation: You are weak. (Str -2) [potion of mutation]
 23651 | D:11     | Gained mutation: You are frail (-10% HP). [potion of mutation]
 23651 | D:11     | Gained mutation: Scrolls take you a little longer to read. [potion of mutation]
 23680 | D:11     | Gained mutation: You are very weak. (Str -4) [mutagenic glow]
 23796 | D:11     | Gained mutation: Your natural rate of healing is unusually fast. [mutagenic glow]
 23976 | D:10     | Slain by a 13-headed hydra

Skill      XL: |  1  2  3  4  5  6  7  8  9 10 11 12 13 14 15 |
---------------+----------------------------------------------+-----
Axes           | 2 3 4 6 7 9 10 12 13 14 | 14.7
Shields        | 4 5 6 7 8 9 11 12 13 | 13.6
Fighting       | 4 5 6 7 8 9 10 11 12 13 | 13.1
Armour         | 4 5 6 7 8 9 10 11 12 13 | 13.1
Invocations    | 1 3 5 |  5.9
Dodging        | 3 5 |  5.0

Action                   |  1- 3 |  4- 6 |  7- 9 | 10-12 | 13-15 || total
-------------------------+-------+-------+-------+-------+-------++-------
Melee: War axe           |    79 |   193 |   309 |       |       ||   581
       Hand axe          |       |       |   307 |  1152 |  1906 ||  3365
       Falchion          |       |       |       |    23 |    63 ||    86
       Broad axe         |       |       |       |    11 |       ||    11
 Abil: Fly               |       |       |       |       |     1 ||     1
Evoke: Wand              |       |       |     1 |     1 |     2 ||     4
  Use: Scroll            |       |     3 |    12 |    15 |     5 ||    35
       Potion            |       |     1 |     2 |     5 |     5 ||    13
  Eat: Chunk             |     1 |     8 |    11 |    20 |    26 ||    66
       Meat ration       |       |       |     2 |       |       ||     2
       Beef jerky        |       |       |     2 |       |     1 ||     3
       Fruit             |       |       |     2 |     2 |     6 ||    10
       Pizza             |       |       |       |     1 |     1 ||     2
       Royal jelly       |       |       |       |       |     1 ||     1
Armor: Scale mail        |    56 |   129 |   366 |       |       ||   551
       Chain mail        |       |       |    49 |   701 |       ||   750
       Plate armour      |       |       |       |   141 |  1343 ||  1484
Dodge: Dodged            |    32 |    64 |   168 |   381 |   461 ||  1106
Block: Shield            |    45 |   115 |   384 |   751 |  1634 ||  2929
       Reflection        |       |       |       |       |    24 ||    24
